 Dungeon Crawl Stone Soup version 0.31-a0-233-g139696dc86 (webtiles) character file.

Game seed: 8083517113780820734

319 qw the Shooter (level 6, -2/37 HPs)
             Began as a Gargoyle Hexslinger on July 9, 2023.
             Constricted to death by Ijyb (4 damage)
             ... on level 4 of the Dungeon.
             The game lasted 00:01:05 (3153 turns).

qw the Shooter (Gargoyle Hexslinger)                Turns: 3153, Time: 00:01:05

Health: -2/37      AC: 10    Str: 12    XL:     6   Next: 45%
Magic:  7/7        EV:  8    Int: 16    God:
Gold:   130        SH:  0    Dex: 14    Spells: 6/7 levels left

rFire   . . .        Y - +1 sling
rCold   . . .        (no shield)
rNeg    + . .        m - +0 leather armour "Awudda Kira" {rCorr Int+3 Stlth+}
rPois   inf          l - +0 helmet
rElec   +            (no cloak)
rCorr   +            b - +0 pair of gloves
SInv    +            e - +0 pair of boots
Will    .....        (no amulet)
Stlth   ++           a - ring of see invisible
HPRegen 0.26/turn    (no ring)
MPRegen 0.10/turn

%: no passive effects
@: about to teleport, grasped by roots, constricted
A: sickness immunity, AC +4, negative energy resistance 1, electricity
resistance, torment resistance 1, petrification resistance
a: no special abilities


You were on level 4 of the Dungeon.
You visited 1 branch of the dungeon, and saw 4 of its levels.

You collected 130 gold pieces.


Innate Abilities, Weirdness & Mutations

You are immune to sickness and miasma.
Your stone body is resilient. (AC +4)
You are immune to poison.
You resist negative energy. (rN+)
You are resistant to electric shocks. (rElec)
You are resistant to unholy torment.
You are immune to petrification.


   Skills:
 - Level 3.0 Fighting
 + Level 5.7 Ranged Weapons
 - Level 1.6 Armour
 - Level 1.5 Dodging
 - Level 1.0 Spellcasting
 - Level 2.6 Hexes


You had 6 spell levels left.
You knew the following spells:

 Your Spells              Type           Power      Damage    Failure   Level
a - Slow                  Hex            36%        N/A       10%         1

Your spell library contained the following spells:

 Spells                   Type           Power      Damage    Failure   Level
 Inner Flame              Hex/Fire       5%         N/A       45%         3
 Portal Projectile        Hex/Tloc       10%        N/A       45%         3
 Cause Fear               Hex            4%         N/A       67%         4

Inventory:

Hand Weapons
 Y - a +1 sling (weapon)
Armour
 b - a +0 pair of gloves (worn)
 c - a +0 ring mail
 e - a +0 pair of boots (worn)
 i - a +0 robe of willpower
 l - a +0 helmet (worn)
 m - the +0 leather armour "Awudda Kira" (worn) {rCorr Int+3 Stlth+}
   (You found it on level 3 of the Dungeon)

   Int:       It affects your intelligence (+3).
   rCorr:     It protects you from acid and corrosion.
   Stlth:     It makes you more stealthy.
Jewellery
 a - a ring of see invisible (left hand)
Scrolls
 k - a scroll of identify
Potions
 h - a potion of might
 n - a potion of mutation

Dungeon Overview and Level Annotations

Branches:
Dungeon (4/15)
 Temple: D:4-7

Altars:
Sif Muna

Shops:
D:1 [

Annotations:
D:4 Ijyb


Message History

The grasping roots constrict you.
You shoot a sling bullet.
The sling bullet hits Ijyb but does no damage.
Ijyb is lightly wounded.
Ijyb hits you but does no damage. The grasping roots constrict you.
The grasping roots release their grip on you.
You shoot a sling bullet. The sling bullet hits Ijyb.
Ijyb is lightly wounded.
Ijyb closely misses you.
You shoot a sling bullet.
The sling bullet hits Ijyb but does no damage.
Ijyb is lightly wounded.
Ijyb hits you with a +0 dagger.
You shoot a sling bullet. The sling bullet closely misses Ijyb.
Ijyb hits you but does no damage.
You shoot a sling bullet. The sling bullet barely misses Ijyb.
Ijyb barely misses you.
You shoot a sling bullet. The sling bullet barely misses Ijyb.
Ijyb hits you with a +0 dagger.
Ijyb zaps a wand.
The roots erupt in riotous growth!
The grasping roots grab you!
Ijyb is unaffected.
The grasping roots constrict you.
3150 ||| READING scroll of teleportation.
As you read the scroll of teleportation, it crumbles to dust.
You feel strangely unstable. Ijyb barely misses you.
The grasping roots constrict you.
You shoot a sling bullet.
The sling bullet hits Ijyb but does no damage.
Ijyb is lightly wounded.
Ijyb barely misses you. The grasping roots constrict you.
The grasping roots release their grip on you.
You shoot a sling bullet.
The sling bullet hits Ijyb but does no damage.
Ijyb is lightly wounded.
Ijyb zaps a wand.
The roots erupt in riotous growth!
The grasping roots grab you!
Ijyb is unaffected.
The grasping roots constrict you.
You shoot a sling bullet. The sling bullet barely misses Ijyb.
Ijyb hits you but does no damage. The grasping roots constrict you.
You die...

#.# #.# #...### #.#
#.# #.##.#.
#.######.# #.#
#.###.. ......).##
#.# #.# #..
####.....#
#.####.###..
#..:..###...........
#.....##.#.###.####.
#.....#.###..).# #.
#..@..##.#.##### #.
###g#####.## #< #.#
#.# #. #.# #.# #.
#.# #.. .. #.# #.#
## #.# #.# ... #.#
#.#


You could see Ijyb.

Vanquished Creatures
  Menkaure (D:4)
  Blork the orc (D:4)
  An orc wizard (D:3)
  4 adders
  A worm (D:2)
  3 dart slugs (D:2)
  An orc (D:3)
  5 endoplasms
  A giant cockroach (D:1)
  7 goblins
  7 hobgoblins
  7 kobolds
  2 quokkas (D:2)
  2 ball pythons
  5 bats
  A frilled lizard (D:1)
  5 rats
54 creatures vanquished.

Notes
Turn   | Place    | Note
-------+----------+-------------------------------------------
     0 | D:1      | qw the Gargoyle Hexslinger began the quest for the Orb.
     0 | D:1      | Reached XP level 1. HP: 12/12 MP: 2/2
     0 | D:1      | 0 ||| qw: Version: 0.3-a-51-g015441d
     0 | D:1      | 0 ||| qw: Game counter: 3906
     0 | D:1      | 0 ||| qw: Melee chars always use a shield: true
     0 | D:1      | 0 ||| qw: God list: Okawaru
     0 | D:1      | 0 ||| qw: Allow faded altars: false
     0 | D:1      | 0 ||| qw: Do Orc after clearing Dungeon:15 true
     0 | D:1      | 0 ||| qw: Do second Lair branch before Depths: true
     0 | D:1      | 0 ||| qw: Lair rune preference: random
     0 | D:1      | 0 ||| qw: Goals: Normal
     0 | D:1      | 0 ||| PLANNING D:1-11
   112 | D:1      | Reached XP level 2. HP: 16/16 MP: 3/3
   139 | D:1      | Found Otero's Antique Armour Shop.
   145 | D:1      | Reached skill level 3 in Ranged Weapons
   154 | D:1      | 154 ||| SHOPLISTING glowing leather armour (95 gold, have
                  | 14).
   154 | D:1      | 154 ||| SHOPLISTING pair of gloves (85 gold, have 14).
   154 | D:1      | 154 ||| SHOPLISTING ring mail (76 gold, have 14).
   600 | D:1      | Reached XP level 3. HP: 21/21 MP: 4/4
   752 | D:1      | 752 ||| UPGRADING to +0 leather armour.
   762 | D:1      | 762 ||| DROPPING +0 robe.
   763 | D:1      | 763 ||| READING scroll labelled GORIYWNIESO.
   768 | D:1      | 768 ||| READING scroll labelled OTAHOU OCWAIT.
   769 | D:1      | 769 ||| DROPPING scroll of poison.
  1131 | D:2      | 1131 ||| Stepping ~*~*~tactically~*~*~ (outnumbered).
  1136 | D:2      | 1136 ||| Stepping ~*~*~tactically~*~*~ (outnumbered).
  1204 | D:2      | Reached XP level 4. HP: 22/26 MP: 5/5
  1250 | D:2      | Reached skill level 4 in Ranged Weapons
  1759 | D:2      | 1759 ||| UPGRADING to +0 pair of gloves.
  1764 | D:2      | 1764 ||| UPGRADING to +0 ring mail.
  1774 | D:2      | 1774 ||| UPGRADING to +0 pair of boots.
  1779 | D:2      | 1779 ||| DROPPING +0 leather armour.
  1780 | D:2      | 1780 ||| UPGRADING to ring of see invisible.
  1781 | D:2      | 1781 ||| READING scroll labelled MIHEUC JYREA.
  1882 | D:2      | 1882 ||| READING scroll labelled YCEXTIRYESS.
  2042 | D:3      | Found a shimmering blue altar of Sif Muna.
  2051 | D:3      | Reached skill level 1 in Armour
  2278 | D:3      | Identified the +0 leather armour "Awudda Kira" {rCorr Int+3
                  | Stlth+}
  2770 | D:3      | 2770 ||| UPGRADING to +0 robe of willpower.
  2780 | D:3      | 2780 ||| UPGRADING to +0 helmet.
  2785 | D:3      | 2785 ||| UPGRADING to +0 leather armour "Awudda Kira"
                  | {rCorr Int+3 Stlth+}.
  2795 | D:3      | 2795 ||| READING scroll labelled TAURAY YL ASHO.
  2796 | D:3      | 2796 ||| READING scroll labelled VODOT SOSUKLAFIQE.
  2797 | D:3      | 2797 ||| DRINKING 2 golden potions.
  2901 | D:3      | 2901 ||| READING 4 scrolls of identify.
  2901 | D:3      | 2901 ||| IDENTIFYING smoky green potion
  2902 | D:3      | 2902 ||| READING 3 scrolls of identify.
  2902 | D:3      | 2902 ||| IDENTIFYING murky pink potion
  2903 | D:3      | 2903 ||| READING 2 scrolls of identify.
  2903 | D:3      | 2903 ||| IDENTIFYING inky potion
  2904 | D:3      | 2904 ||| DROPPING potion of attraction.
  2905 | D:3      | 2905 ||| DROPPING potion of berserk rage.
  2944 | D:4      | Identified the +10 spear of Noon {freeze, rC+ rN+ Stlth+}
  2957 | D:4      | Reached XP level 5. HP: 30/30 MP: 6/6
  2973 | D:4      | Noticed Menkaure
  2986 | D:4      | Killed Menkaure
  2987 | D:4      | Reached skill level 5 in Ranged Weapons
  2987 | D:4      | Reached XP level 6. HP: 13/35 MP: 7/7
  3090 | D:4      | Noticed Blork the orc
  3104 | D:4      | Killed Blork the orc
  3105 | D:4      | Reached skill level 3 in Fighting
  3134 | D:4      | Noticed Ijyb
  3149 | D:4      | HP: 5/37 [constriction (5)]
  3150 | D:4      | 3150 ||| READING scroll of teleportation.
  3152 | D:4      | HP: 2/37 [constriction (4)]
  3153 | D:4      | Constricted to death by Ijyb

Levels and vault maps discovered:
D:1:      co_arrival_random_square_maze, layout_loops_ring, serial_shops, shop
D:2:      layout_basic, serial_corexii_hall, corexii_hall_statues_x,
          chequers_hall_statues_y, corexii_hall_statues_x, minivault_23
D:3:      layout_loops_ring, kennysheep_orc_sif_temple
D:4:      old_forge, layout_loops_ring, serial_shops, shop, uniq_ijyb,
          uniq_robin, uniq_blork_the_orc, uniq_menkaure

Skill      XL: |  1  2  3  4  5  6 |
---------------+-------------------+-----
Ranged Weapons | 3 4 5 |  5.7
Fighting       | 2 3 |  3.0
Armour         | 1 |  1.6
Dodging        | |  1.5
Spellcasting   | |  1.0
Hexes          | |  2.6

Action                     |  1- 3 |  4- 6 || total
---------------------------+-------+-------++-------
   Fire: Sling             |   135 |   111 ||   246
    Use: Scroll            |     2 |     8 ||    10
         Potion            |       |     1 ||     1
 Armour: Robe              |     7 |       ||     7
         Leather armour    |    26 |    13 ||    39
         Ring mail         |       |     6 ||     6
  Dodge: Dodged            |    42 |    32 ||    74

Table legend:
 A = Non-vault XP
 B = Vault XP
 C = Vault XP percentage of total XP
 D = Non-vault monster count
 E = Vault monster count
 F = Vault count percentage of total count
                 A         B        C        D         E       F
            +---------+---------+-------+---------+---------+-------
      Total |     141 |     315 |  69.1 |      50 |       4 |   7.4
            +---------+---------+-------+---------+---------+-------
        D:1 |      34 |       0 |   0.0 |      21 |       0 |   0.0
        D:2 |      84 |       0 |   0.0 |      23 |       0 |   0.0
        D:3 |       8 |      38 |  82.6 |       4 |       2 |  33.3
        D:4 |      15 |     277 |  94.9 |       2 |       2 |  50.0
            +---------+---------+-------+---------+---------+-------
